AoeStats
← LuisSW

Fortress

510009463Analyzed
2v2 RM · 2d ago on Sep 29, 2026· 53m 56s· 4 players
Game mode
Random Map
Map size
Normal (6 player)
Population
200
Speed
Normal
Resources
Standard
Victory
Conquest
Starting age
Dark Age
Ending age
Imperial Age
RankedLock teamsTeams togetherTeam positionsShared explorationLock speedFull tech treeHidden civsTurbo modeCheats
Victory
Defeat
🇪🇨 Danes · Ecuador
915
+15
🇨🇱 Persians · Chile
837
+18
🇨🇱 Malians · Chile
892
-17
🇨🇱 Franks · Chile
879
-16
dameoroSW
7:31 Feudal Age
9:07 Loom
11:44 Castle Age
10:32 Double-Bit Axe
11:04 Forging
14:09 Gold Mining
19:08 Wheelbarrow
19:32 Squires
20:20 Bloodlines
26:33 Imperial Age
24:09 Light Cavalry
24:50 Husbandry
25:24 Scale Barding Armor
27:31 Iron Casting
27:27 Chain Barding Armor
28:24 Chemistry
27:45 Ballistics
28:36 Conscription
28:36 Hand Cart
29:05 Heavy Camel Rider
31:37 Plate Barding Armor
36:08 Farimba
LuisSW
1:01 Loom
7:59 Feudal Age
14:33 Castle Age
12:32 Double-Bit Axe
13:00 Forging
12:57 Scale Barding Armor
14:01 Gold Mining
16:41 Husbandry
19:31 Bow Saw
20:47 Iron Casting
21:39 Gold Shaft Mining
21:51 Chain Barding Armor
26:32 Imperial Age
25:21 Wheelbarrow
25:07 Stone Mining
30:06 Blast Furnace
30:53 Cavalier
32:18 Pikeman
35:09 Squires
34:56 Arson
35:43 Hand Cart
40:21 Man-at-Arms
40:47 Gambesons
42:47 Plate Barding Armor
45:23 Halberdier
Lord_Willow
6:11 Loom
8:21 Feudal Age
14:04 Castle Age
13:25 Gold Mining
13:32 Stone Mining
13:31 Double-Bit Axe
14:05 Forging
14:10 Bloodlines
15:51 Husbandry
22:22 Horse Collar
24:51 Bow Saw
26:45 Crossbowman
26:56 Pikeman
27:22 Gambesons
31:30 Imperial Age
28:59 Town Watch
31:38 Iron Casting
31:09 Scale Barding Armor
31:09 Cavalier
32:37 Conscription
33:25 Halberdier
37:25 Blast Furnace
36:46 Chain Barding Armor
37:13 Caravan
37:28 Scale Mail Armor
38:09 Savar
41:53 Chain Mail Armor
42:45 Plate Barding Armor
Genghis Mike
0:27 Loom
6:08 Feudal Age
16:22 Castle Age
15:04 Scale Mail Armor
14:56 Fletching
15:06 Padded Archer Armor
20:58 Gambesons
21:36 Town Watch
26:56 Arson
28:25 Redemption
28:46 Squires
30:45 Town Patrol
33:41 Hamask
37:08 Caravan
37:13 Double-Bit Axe
41:33 Forging
41:32 Scale Barding Armor
41:29 Padded Archer Armor
42:18 Bow Saw
41:52 Horse Collar
47:32 Ballistics
47:08 Murder Holes
51:37 Pikeman
Connection lost

Rejoining the realm…

Still unreachable

The connection could not be restored.

Session expired

The server has moved on; the page needs a fresh start.